 Dungeon Crawl Stone Soup version 0.29.1-4-g47bece8355 (webtiles) character file.

Game seed: 4999284105317740197

1910 KittyFluff the Cudgeller (level 9, 0/55 HPs)
             Began as a Gargoyle Berserker on Dec 2, 2022.
             Was an Elder of Trog.
             Shot with an arrow by a centaur (2 damage)
             ... on level 7 of the Dungeon.
             The game lasted 00:32:40 (7780 turns).

KittyFluff the Cudgeller (Gargoyle Berserker)       Turns: 7780, Time: 00:32:40

Health: 0/55       AC: 16    Str: 21    XL:     9   Next: 16%
Magic:  9/9        EV: 13    Int:  8    God:    Trog [****..]
Gold:   379        SH:  0    Dex: 13    Spells: 8/8 levels left

rFire   . . .      SeeInvis .   a - +0 mace
rCold   . . .      Faith    .   (no shield)
rNeg    + . .      Spirit   .   q - +2 leather armour {rPois}
rPois   ∞          Reflect  .   s - +0 helmet
rElec   +          Harm     .   (no cloak)
rCorr   .          Rampage  .   r - +0 pair of gloves
Will    +....                   f - +0 pair of boots
Stlth   ++........              (no amulet)
HPRegen 0.18/turn               i - ring of willpower
MPRegen 0.11/turn               (no ring)

@: no status effects
A: sickness immunity, AC +6, negative energy resistance 1, electricity
resistance, torment resistance 1, petrification resistance
a: Renounce Religion, Berserk, Trog's Hand, Brothers in Arms


You were on level 7 of the Dungeon.
You worshipped Trog.
Trog was greatly pleased with you.
You visited 1 branch of the dungeon, and saw 7 of its levels.
You also visited: Ossuary.

You collected 379 gold pieces.

Inventory:

Hand Weapons
 a - a +0 mace (weapon)
 n - a +0 sling
Missiles
 j - 33 stones (quivered)
 y - 5 poisoned darts
Armour
 f - a +0 pair of boots (worn)
 q - a +2 leather armour of poison resistance (worn)
 r - a +0 pair of gloves (worn)
 s - a +0 helmet (worn)
 C - a +1 leather armour of willpower
Magical Staves
 G - a staff of fire
Jewellery
 i - a ring of willpower (left hand)
 l - an amulet of magic regeneration
 m - a +6 ring of intelligence
 H - an amulet of faith
Wands
 B - a wand of polymorph (7)
Scrolls
 d - 3 scrolls of enchant armour {unknown}
 h - 4 scrolls of immolation {unknown}
 k - 6 scrolls of teleportation {unknown}
 o - a scroll of fear {unknown}
 t - a scroll of magic mapping {unknown}
 w - 2 scrolls of vulnerability {unknown}
 x - 2 scrolls of noise {unknown}
 F - a scroll of amnesia {unknown}
 I - a scroll of enchant weapon {unknown}
Potions
 b - 2 potions of heal wounds
 c - 2 potions of ambrosia
 e - 3 potions of magic
 g - a potion of lignification
 p - 5 potions of curing
 u - a potion of attraction
 v - a potion of haste
 z - a potion of invisibility
 A - a potion of mutation
 D - a potion of flight {unknown}
 E - a potion of might


   Skills:
 + Level 5.7 Fighting
 + Level 7.7 Maces & Flails
 + Level 3.2 Ranged Weapons
 * Level 6.2 Armour
 + Level 4.0 Dodging
 + Level 2.1 Stealth


You had 8 spell levels left.
You didn't know any spells.
Your spell library was empty.

Dungeon Overview and Level Annotations

Branches:
Dungeon (7/15)             Temple (0/1) D:4         Ossuary (visited)

Altars:
Fedhas
Hepliaklqana
Uskayaw
Wu Jian


Innate Abilities, Weirdness & Mutations

You are immune to sickness and miasma.
Your stone body is resilient. (AC +6)
You are immune to poison.
You resist negative energy. (rN+)
You are resistant to electric shocks. (rElec)
You are resistant to unholy torment.
You are immune to petrification.


Message History

You hit the ice beast.
The ice beast is lightly wounded.
The ice beast hits you but does no damage.
You hit the ice beast but do no damage. Your punch misses the ice beast.
The ice beast is lightly wounded.
The ice beast hits you. The ice beast freezes you!
* * * LOW HITPOINT WARNING * * *
You closely miss the ice beast.
The ice beast is lightly wounded.
The ice beast misses you.
You sock the ice beast!
The ice beast is moderately wounded.
The ice beast closely misses you.
You hit the ice beast but do no damage.
The ice beast is moderately wounded.
The ice beast completely misses you.
You hit the ice beast but do no damage.
The ice beast is moderately wounded.
The ice beast hits you.
* * * LOW HITPOINT WARNING * * *
The ice beast freezes you!
* * * LOW HITPOINT WARNING * * *
You thump the ice beast!
The ice beast is heavily wounded.
The ice beast barely misses you.
You hit the ice beast.
The ice beast is severely wounded.
The centaur wields a +0 shortbow.
The centaur shoots an arrow.
The arrow hits you but does no damage.
The ice beast hits you but does no damage.
You sock the ice beast!
You kill the ice beast!
Trog accepts your kill.
The centaur shoots an arrow.
The arrow hits you.
* * * LOW HITPOINT WARNING * * *
Your Dodging skill increases to level 4!
You see here 12 gold pieces.
You now have 379 gold pieces (gained 12).
The centaur shoots an arrow.
The arrow hits you.
You die...

..c #'#+# #.#.# #.#.# #
#.#.#
#.#######c#.############
.............)..........
........#.####.#########
#.#....@#........ #
##.....#####.### #
#....... ... #.....###
#.. #...... ####
.)#....# ##.###.## #. ..


You could see a centaur.

Vanquished Creatures
  A water moccasin (D:6)
  An ice beast (D:7)
  3 black bears
  An ogre (D:5)
  2 phantoms
  A bullfrog (D:5)
  4 scorpions
  A water moccasin zombie (Ossuary)
  3 centaur zombies (Ossuary)
  4 hounds
  4 bullfrog zombies (Ossuary)
  A jelly (D:6)
  An orc priest (D:5)
  Jessica (D:2)
  2 iguanas (D:5)
  Natasha (D:3)
  An orc wizard (D:5)
  3 scorpion zombies (Ossuary)
  2 ogre zombies (Ossuary)
  A mummy (Ossuary)
  6 adders
  A shadow imp (D:6)
  A white imp (D:5)
  4 adder zombies (Ossuary)
  A worm (D:2)
  3 dart slugs
  7 orcs
  5 ball pythons
  7 endoplasms
  5 giant cockroaches
  8 goblins
  5 hobgoblins
  4 jackals (D:2)
  8 quokkas
  6 bats
  11 frilled lizards
  3 goblin zombies (Ossuary)
  3 hobgoblin zombies (Ossuary)
  14 kobolds
  5 orc zombies (Ossuary)
  2 rats (D:1)
147 creatures vanquished.

Vanquished Creatures (others)
  An orc wizard (D:5)
  33 plants
34 creatures vanquished.

Grand Total: 181 creatures vanquished

Notes
Turn   | Place    | Note
-------+----------+-------------------------------------------
     0 | D:1      | KittyFluff the Gargoyle Berserker began the quest for the
                  | Orb.
     0 | D:1      | Reached XP level 1. HP: 14/14 MP: 1/1
   185 | D:1      | Reached XP level 2. HP: 17/19 MP: 2/2
   415 | D:1      | Found a faded altar of an unknown god.
   531 | D:1      | Reached ** piety under Trog
   550 | D:1      | Reached XP level 3. HP: 24/24 MP: 3/3
   874 | D:2      | Noticed Jessica
   887 | D:2      | Killed Jessica
   888 | D:2      | Reached XP level 4. HP: 23/29 MP: 4/4
  1090 | D:2      | Reached skill level 4 in Maces & Flails
  2147 | D:3      | Found an ornate altar of the Wu Jian Council.
  2373 | D:3      | Found a hazy altar of Hepliaklqana.
  2661 | D:3      | Noticed Natasha
  2689 | D:3      | Killed Natasha
  2690 | D:3      | Reached XP level 5. HP: 7/33 MP: 5/5
  3284 | D:4      | Found a blossoming altar of Fedhas.
  3405 | D:4      | Found a sand-covered staircase.
  3411 | Ossuary  | Entered an ossuary
  3650 | Ossuary  | Reached *** piety under Trog
  3666 | Ossuary  | Reached XP level 6. HP: 27/38 MP: 6/6
  3848 | Ossuary  | Reached skill level 5 in Maces & Flails
  3848 | Ossuary  | Reached skill level 1 in Ranged Weapons
  3851 | Ossuary  | Reached skill level 1 in Stealth
  3862 | Ossuary  | Reached XP level 7. HP: 18/44 MP: 7/7
  4339 | Ossuary  | Noticed a silent spectre
  4680 | D:4      | Found a hide-covered altar of Uskayaw.
  4989 | D:4      | Found a staircase to the Ecumenical Temple.
  5112 | D:4      | Reached skill level 6 in Maces & Flails
  5243 | D:4      | Reached **** piety under Trog
  5244 | D:4      | Reached XP level 8. HP: 38/48 MP: 8/8
  5299 | D:5      | Entered Level 5 of the Dungeon
  5926 | D:5      | Reached skill level 5 in Fighting
  5926 | D:5      | Reached skill level 5 in Armour
  6654 | D:5      | Reached skill level 7 in Maces & Flails
  7384 | D:6      | Reached XP level 9. HP: 37/54 MP: 9/9
  7776 | D:7      | HP: 1/54 [centaur/arrow (4)]
  7780 | D:7      | Shot with an arrow by a centaur

Illustrated notes

Levels and vault maps discovered:
D:1:      roderic_octagonal_star, layout_basic,
          chequers_ecumenical_altar_simple_redux
D:2:      layout_basic, chequers_big_river, uniq_jessica
D:3:      layout_loops_corners, nicolae_wu_jian_wuxing_cycle, marbit_many_paths,
          serial_rivers, chequers_serial_rivers_large_a,
          chequers_serial_rivers_small_3, chequers_serial_rivers_small_b,
          chequers_serial_rivers_room_b, serial_bayou_ford_a, uniq_natasha
D:4:      wad_woods_tower, layout_basic, mainiacjoe_overflow_alcove_4,
          mainiacjoe_overflow_concentric_impassable,
          minmay_temple_entry_large_hall, nicolae_ossuary_entry_plus
D:5:      layout_basic, serial_rivers, chequers_serial_rivers_micro_c,
          chequers_serial_rivers_micro_b, chequers_serial_rivers_micro_b,
          chequers_serial_rivers_small_a, chequers_serial_rivers_marsh
D:6:      layout_cave_pools
D:7:      layout_basic, lemuel_tele_altar, tso_altar

Skill      XL: |  1  2  3  4  5  6  7  8  9 |
---------------+----------------------------+-----
Fighting       | 4 5 |  5.7
Armour         | 3 4 6 |  6.2
Maces & Flails | 4 5 6 7 |  7.7
Dodging        | 2 3 4 |  4.0
Ranged Weapons | 1 2 3 |  3.2
Stealth        | 1 2 |  2.1

Action                   |  1- 3 |  4- 6 |  7- 9 || total
-------------------------+-------+-------+-------++-------
Melee: Mace              |    86 |   252 |   336 ||   674
       Punch             |     1 |     2 |     1 ||     4
 Fire: Sling             |       |    30 |    34 ||    64
Throw: Stone             |     7 |       |       ||     7
Invok: Berserk           |       |     2 |     1 ||     3
  Use: Scroll            |       |     6 |     4 ||    10
Armor: Animal skin       |    41 |     9 |       ||    50
       Leather armour    |       |   153 |   197 ||   350
Dodge: Dodged            |    59 |   203 |   208 ||   470
